 Dungeon Crawl Stone Soup version 0.24-a0-459-g225fefd530 (webtiles) character file.

Game seed: 1816679964664579681

42128 ivs the Grappler (level 14, -1/87 HPs)
             Began as a Vine Stalker Transmuter on June 28, 2019.
             Was the Champion of Okawaru.
             Slain by an eight-headed hydra (12 damage)
             ... on level 1 of the Swamp.
             The game lasted 02:10:36 (9841 turns).

ivs the Grappler (Vine Stalker Transmuter)          Turns: 9841, Time: 02:10:48

Health: -1/87      AC:  6    Str: 18    XL:     14   Next: 18%
Magic:  0/22       EV: 22    Int: 13    God:    Okawaru [******]
Gold:   341        SH:  0    Dex: 15    Spells: 7/22 levels left

rFire    x . .     SeeInvis .     - Unarmed
rCold    + + +     Gourm    .   (shield currently unavailable)
rNeg     . . .     Faith    .   (armour currently unavailable)
rPois    +         Spirit   +   (helmet currently unavailable)
rElec    .         Reflect  .   (cloak currently unavailable)
rCorr    .         Harm     .   (gloves currently unavailable)
MR       ++...                  (boots currently unavailable)
Stlth    +++.......             R - amulet of regeneration
HPRegen  1.44/turn              M - ring of protection from magic
MPRegen  0.18/turn              E - +3 ring of evasion

@: ice-form, heroism, hasted and slowed
A: large, regeneration 2, magic shield, no potion heal 3, rot immunity
a: End Transformation, Heroism, Finesse, Renounce Religion


You were on level 1 of the Swamp.
You worshipped Okawaru.
Okawaru was exalted by your worship.
You were hungry.
You were a creature of crystalline ice.
You visited 4 branches of the dungeon, and saw 21 of its levels.
You also visited: Sewer.

You collected 686 gold pieces.
You spent 345 gold pieces at shops.

Inventory:

Hand Weapons
 V - the +3 dagger of Valour {speed, +Inv Dex+4}
   (You found it on level 1 of the Lair of Beasts)

   Attacks with this weapon are significantly faster.
   It affects your dexterity (+4).
   It lets you turn invisible.
Missiles
 a - 383 arrows
 B - 14 poisoned darts
 H - 8 silver javelins (quivered)
 K - 5 curare-tipped darts
Armour
 h - a scarf of resistance (melded)
 i - the +0 buckler of Awe (melded) {+Inv rElec rC++ Stlth+}
   (Okawaru gifted it to you on level 3 of the Lair of Beasts)

   It greatly protects you from cold.
   It insulates you from electricity.
   It lets you turn invisible.
   It makes you more stealthy.
 o - a +0 pair of boots (melded)
 q - the +2 leather armour of Disappointment (melded) {rF+ MR+ Dex+2}
   (You found it on level 4 of the Dungeon)

   It affects your dexterity (+2).
   It protects you from fire.
   It affects your resistance to hostile enchantments.
 t - a +2 pair of gloves (melded)
 u - a scarf of cloud immunity
 y - a +1 helmet of see invisible (melded)
 S - a +2 cloak of invisibility
Jewellery
 E - a +3 ring of evasion (right front paw)
 F - a +4 ring of intelligence
 I - an uncursed ring of ice
 J - an uncursed ring of resist corrosion
 M - a ring of protection from magic (left front paw)
 N - an uncursed ring of protection from magic
 R - an amulet of regeneration (around neck)
 X - a +5 amulet of reflection
Wands
 b - a wand of enslavement (9)
 f - a wand of acid (14)
 p - a wand of scattershot (5)
 L - a wand of iceblast (2)
 O - a wand of disintegration (16)
 Z - a wand of paralysis (6)
Scrolls
 e - 10 scrolls of teleportation
 l - 2 scrolls of enchant armour
 r - 8 scrolls of remove curse
 s - a scroll of enchant weapon
 x - 7 scrolls of amnesia
 D - 2 scrolls of identify
 T - a scroll of brand weapon {unknown}
 W - 3 scrolls of fear
Potions
 c - 3 potions of brilliance
 g - 3 potions of cancellation
 j - 3 potions of mutation
 m - 3 potions of berserk rage
 n - 2 potions of curing
 v - 2 potions of magic
 z - 2 potions of lignification {unknown}
 A - a potion of might
 C - 3 potions of flight
 G - a potion of haste
 Q - 3 potions of agility
 Y - a potion of resistance {unknown}
Miscellaneous
 w - a fan of gales
Comestibles
 d - 23 rations


   Skills:
 - Level 8.0(13.0) Fighting
 + Level 8.5(13.5) Dodging
 + Level 4.7(9.7) Shields
 + Level 13.4(18.4) Unarmed Combat
 + Level 4.8 Spellcasting
 + Level 8.9 Transmutations
 - Level 5.0 Ice Magic
 - Level 2.0 Poison Magic
 - Level 7.1 Invocations
 - Level 6.0 Evocations


You had 7 spell levels left.
You knew the following spells:

 Your Spells              Type           Power        Failure   Level  Hunger
a - Beastly Appendage     Tmut           ####..       1%          1    None
b - Blade Hands           Tmut           ####......   14%         5    ######.
i - Ice Form              Ice/Tmut       ###.....     11%         4    ####...
p - Spider Form           Tmut/Pois      ###.......   6%          3    ###....
s - Sticks to Snakes      Tmut           ####....     1%          2    ##.....

Your spell library contained the following spells:

 Spells                   Type           Power        Failure   Level  Hunger


Dungeon Overview and Level Annotations

Branches:
Dungeon (13/15)            Temple (1/1) D:5            Lair (6/6) D:9
  Swamp (1/4) Lair:4        Snake (0/4) Lair:3        Slime (0/5) Lair:6
    Orc (0/2) D:10
 Vaults: D:13-14

Altars:
Ashenzari
Cheibriados
Dithmenos
Elyvilon
Fedhas
Gozag
Kikubaaqudgha
Makhleb
Nemelex Xobeh
Okawaru
Qazlal
Ru
Sif Muna
Trog
Uskayaw
Vehumet
Wu Jian
Xom
Yredelemnul
Zin
The Shining One
Jiyva

Shops:
D:9 !??%

Annotations:
D:11 exclusions: cyclops and downstairs
D:12 Snorg
Lair:4 exclusion: 2 oklob plants
Lair:6 exclusion: orange crystal statue


Innate Abilities, Weirdness & Mutations

((You have razor-sharp teeth.))
You heal very quickly.
When hurt, damage is shared between your health and your magic reserves.
((Your bite disrupts and absorbs the magic of your enemies.))
Potions cannot restore your health.
You are immune to rotting.


Message History

The eight-headed hydra bites you!
The eight-headed hydra barely misses you.
The eight-headed hydra bites you. The eight-headed hydra bites you!
The eight-headed hydra barely misses you. x2
The eight-headed hydra bites you! x2
* * * LOW HITPOINT WARNING * * *
As you read the scroll of summoning, it crumbles to dust.
Wisps of shadow whirl around you...
The spriggan rider throws a curare-tipped dart.
The curare-tipped dart barely misses you.
The curare-tipped dart hits the eight-headed hydra.
You hear a splash.
The eight-headed hydra bites you.
* * * LOW HITPOINT WARNING * * *
The eight-headed hydra bites you!
* * * LOW HITPOINT WARNING * * *
The eight-headed hydra completely misses you. x2
The eight-headed hydra closely misses you.
The eight-headed hydra bites you!
You die...

♣♣. ♣♣..
♣.≈≈♣.♣♣ ♣.
♣.i.. ♣.≈≈...♣
♣.
♣..≈♣♣.≈≈.≈.♣
.. ♣♣.
♣.≈.♣....≈.
≈.♣♣..
♣.≈≈.≈≈...
.≈≈♣.≈
♣♣≈.≈♣...♣
...≈≈≈
♣≈≈≈≈≈...♣
.≈.≈≈≈
♣..≈.Y♣.♣
...≈≈≈
♣♣♣♣.twD..♣..>
..≈≈≈≈
♣♣.♣♣.ft.≈≈..♣
.≈.≈≈≈
♣≈≈.♣.♣♣.§.≈.♣
♣♣≈≈≈≈
♣♣.♣.♣.♣.≈≈≈.♣
♣.≈≈≈
♣.....♣♣.≈≈≈.♣
♣.≈≈≈
♣♣...♣♣♣.§.§≈≈♣
♣♣≈≈≈ ♣≈≈♣♣
♣.....♣♣ ♣♣.≈
♣♣.♣ ♣♣♣..♣ ♣≈≈


You could see an eight-headed hydra, a spriggan rider, a swamp worm, a friendly
shambling mangrove and 2 friendly alligators.

Vanquished Creatures
  Nessos (Lair:4)
  4 hydras
  A catoblepas (Lair:6)
  A two-headed ogre (D:11)
  9 death yaks
  A deep troll shaman (Lair:6)
  Urug (D:10)
  A swamp dragon (Swamp:1)
  A lindwurm (Lair:6)
  16 elephants
  An ugly thing (D:11)
  2 centaur zombies
  3 black mambas
  6 spiny frogs
  7 komodo dragons
  2 trolls
  13 blink frogs
  6 hippogriffs
  A vampire (D:9)
  21 yaks
  A wyvern (Lair:4)
  Eustachio (D:6)
  A wraith (D:10)
  2 basilisks
  A hungry ghost (D:9)
  A soldier ant (D:11)
  2 nagas (Lair:3)
  A swamp worm (Swamp:1)
  6 porcupines
  12 water moccasins
  An ice beast (D:11)
  6 orc warriors
  A black bear (D:8)
  A phantom (D:11)
  A necrophage (D:9)
  5 sky beasts
  17 wolves
  2 ogres
  13 crocodiles
  6 centaurs
  5 big kobolds
  7 bullfrogs
  2 scorpions
  8 killer bees (D:10)
  4 spriggan skeletons (D:9)
  5 wights
  10 howler monkeys
  3 electric eels (Lair:4)
  2 crimson imps
  A hound (D:5)
  3 bullfrog zombies
  5 orc priests
  A jelly (D:7)
  5 centaur skeletons
  4 iguanas
  Jessica (D:3)
  5 worker ants
  5 orc wizards
  A killer bee zombie (D:5)
  A hound skeleton (D:8)
  7 gnolls
  18 adders
  A river rat (Sewer)
  4 oozes
  An adder zombie (D:7)
  2 adder skeletons
  4 worms
  3 dart slugs (D:1)
  5 leopard geckos
  34 orcs
  2 bats (D:1)
  5 giant cockroaches
  6 goblins
  3 hobgoblins
  31 kobolds
  5 quokkas
  5 ball pythons
  A frilled lizard (D:2)
  2 leopard gecko zombies
  A quokka zombie (D:6)
  11 rats
408 creatures vanquished.

Vanquished Creatures (collateral kills)
  4 blink frogs (Lair:3)
4 creatures vanquished.

Vanquished Creatures (others)
  5 fungi
  2 plants
7 creatures vanquished.

Grand Total: 419 creatures vanquished

Notes
Turn   | Place    | Note
-------+----------+-------------------------------------------
     0 | D:1      | ivs the Vine Stalker Transmuter began the quest for the
                  | Orb.
     0 | D:1      | Reached XP level 1. HP: 9/9 MP: 4/4
    73 | D:1      | Reached XP level 2. HP: 11/14 MP: 3/6
   225 | D:1      | Learned a level 2 spell: Sticks to Snakes
   341 | D:1      | Reached XP level 3. HP: 14/17 MP: 5/7
   348 | D:1      | Learned a level 3 spell: Spider Form
   631 | D:2      | Reached skill level 1 in Poison Magic
   636 | D:2      | Noticed an ogre
   675 | D:2      | Reached skill level 1 in Fighting
   675 | D:2      | Gained mutation: Your natural rate of healing is unusually
                  | fast. [Vine Stalker growth]
   675 | D:2      | Reached XP level 4. HP: 18/22 MP: 4/8
   961 | D:3      | Reached skill level 4 in Unarmed Combat
  1012 | D:3      | Reached XP level 5. HP: 25/25 MP: 3/9
  1015 | D:3      | Noticed an orc warrior
  1242 | D:3      | Noticed Jessica
  1251 | D:3      | Killed Jessica
  1345 | D:4      | Reached XP level 6. HP: 18/30 MP: 0/10
  1373 | D:4      | Reached skill level 5 in Unarmed Combat
  1440 | D:4      | Got a dazzling leather armour
  1451 | D:4      | Identified the +2 leather armour of Disappointment {rF+ MR+
                  | Dex+2} (You found it on level 4 of the Dungeon)
  1646 | D:5      | Entered Level 5 of the Dungeon
  1836 | D:5      | Noticed a sky beast
  1853 | D:5      | Killed a sky beast
  1853 | D:5      | Reached XP level 7. HP: 17/35 MP: 2/11
  2038 | D:5      | Found a staircase to the Ecumenical Temple.
  2047 | Temple   | Entered the Ecumenical Temple
  2126 | Temple   | Became a worshipper of Warmaster Okawaru
  2263 | D:6      | Noticed Eustachio
  2285 | D:6      | Killed Eustachio
  2285 | D:6      | Reached skill level 6 in Unarmed Combat
  2369 | D:6      | Gained mutation: You have razor-sharp teeth. [Vine Stalker
                  | growth]
  2369 | D:6      | Reached XP level 8. HP: 42/42 MP: 7/12
  2380 | D:6      | Learned a level 4 spell: Ice Form
  2569 | D:6      | Found a glowing drain.
  2578 | Sewer    | Entered a sewer
  2610 | Sewer    | Reached skill level 7 in Unarmed Combat
  2811 | Sewer    | Reached * piety under Okawaru
  3340 | D:7      | Reached skill level 1 in Invocations
  3492 | D:7      | You fall into a shaft and drop 3 floors!
  3492 | D:10     | Entered Level 10 of the Dungeon
  3552 | D:10     | Reached XP level 9. HP: 40/45 MP: 4/13
  3559 | D:10     | Reached skill level 8 in Unarmed Combat
  3564 | D:9      | Found Ummi's Food Boutique.
  3608 | D:9      | Noticed a troll
  3617 | D:9      | Killed a troll
  3617 | D:9      | Reached ** piety under Okawaru
  3618 | D:9      | Found a white marble altar of Elyvilon.
  3774 | D:9      | Reached skill level 1 in Ice Magic
  3793 | D:9      | Found Ufymulon's Distillery.
  3805 | D:9      | Noticed a death yak
  3811 | D:9      | Bought a potion of mutation for 128 gold pieces
  3811 | D:9      | Bought a potion of flight for 48 gold pieces
  3811 | D:9      | Bought a potion of degeneration for 16 gold pieces
  3811 | D:9      | Bought a potion of flight for 48 gold pieces
  3835 | D:9      | Found a staircase to the Lair.
  3835 | D:9      | Noticed a death yak
  3835 | D:9      | Noticed a death yak
  3835 | D:9      | Noticed a death yak
  3835 | D:9      | Noticed a death yak
  3871 | D:8      | Reached *** piety under Okawaru
  3871 | D:8      | Reached skill level 5 in Dodging
  3910 | D:8      | Reached skill level 9 in Unarmed Combat
  4225 | D:8      | Reached XP level 10. HP: 22/49 MP: 10/14
  4539 | D:10     | Noticed Urug
  4548 | D:10     | Killed Urug
  4648 | D:10     | Found a staircase to the Orcish Mines.
  4769 | D:10     | Reached skill level 5 in Transmutations
  4802 | D:10     | Reached **** piety under Okawaru
  4873 | D:10     | HP: 1/51 [orc warrior/+0 halberd (18)]
  5193 | D:11     | Reached skill level 10 in Unarmed Combat
  5321 | D:11     | Reached skill level 5 in Fighting
  5322 | D:11     | Noticed a cyclops
  5391 | D:11     | Noticed a white ugly thing
  5392 | D:11     | Noticed a cyclops
  5463 | D:11     | Killed a white ugly thing
  5463 | D:11     | Reached skill level 1 in Evocations
  5463 | D:11     | Reached XP level 11. HP: 55/55 MP: 11/18
  5509 | D:11     | Noticed a two-headed ogre
  5521 | D:11     | Killed a two-headed ogre
  5521 | D:11     | Reached ***** piety under Okawaru
  5600 | D:12     | Noticed Snorg
  5933 | D:13     | Noticed a deep elf mage
  5952 | D:12     | Learned a level 5 spell: Blade Hands
  6093 | D:9      | Found Saubyol's Magic Scroll Boutique.
  6102 | D:9      | Bought a scroll of identify for 30 gold pieces
  6102 | D:9      | Bought a scroll of teleportation for 45 gold pieces
  6102 | D:9      | Bought a scroll of identify for 30 gold pieces
  6152 | D:9      | Found a glowing silver altar of Zin.
  6152 | D:9      | Found a glowing golden altar of the Shining One.
  6152 | D:9      | Found a burning altar of Makhleb.
  6152 | D:9      | Found a deep blue altar of Sif Muna.
  6197 | D:9      | Found Zekaig's Magic Scroll Shoppe.
  6262 | D:9      | Reached skill level 11 in Unarmed Combat
  6346 | D:9      | Killed a death yak
  6350 | Lair:1   | Entered Level 1 of the Lair of Beasts
  6475 | Lair:1   | Reached skill level 5 in Invocations
  6725 | Lair:1   | Reached ****** piety under Okawaru
  6725 | Lair:1   | Received a gift from Okawaru
  6733 | Lair:1   | Gained mutation: You heal very quickly. [Vine Stalker
                  | growth]
  6733 | Lair:1   | Reached XP level 12. HP: 62/62 MP: 12/19
  6763 | Lair:1   | Got a brightly glowing dagger
  6764 | Lair:1   | Identified the +3 dagger of Valour {speed, +Inv Dex+4} (You
                  | found it on level 1 of the Lair of Beasts)
  7178 | Lair:2   | Received a gift from Okawaru
  7257 | Lair:3   | Reached skill level 5 in Ice Magic
  7395 | Lair:3   | Found a staircase to the Snake Pit.
  7444 | Lair:3   | Reached skill level 12 in Unarmed Combat
  7448 | Lair:3   | Received a gift from Okawaru
  7449 | Lair:3   | Got a distressingly furry buckler {god gift}
  7473 | Lair:3   | Identified the +0 buckler of Awe {+Inv rElec rC++ Stlth+}
                  | (Okawaru gifted it to you on level 3 of the Lair of Beasts)
  7526 | Lair:3   | Noticed a six-headed hydra
  7603 | Lair:3   | Killed a six-headed hydra
  7603 | Lair:3   | Reached skill level 1 in Shields
  7860 | Lair:3   | Reached XP level 13. HP: 68/68 MP: 9/20
  8016 | Lair:4   | Noticed Nessos
  8220 | Lair:4   | Killed Nessos
  8276 | Lair:4   | Found a staircase to the Swamp.
  8539 | Lair:6   | Entered Level 6 of the Lair of Beasts
  8566 | Lair:6   | Found a viscous altar of Jiyva.
  8567 | Lair:6   | Found a staircase to the Slime Pits.
  8721 | Lair:6   | Received a gift from Okawaru
  8861 | Lair:6   | Reached skill level 5 in Evocations
  8868 | Lair:6   | HP: 4/81 [elephant (15)]
  9078 | Lair:6   | Reached skill level 13 in Unarmed Combat
  9409 | Lair:5   | Reached XP level 14. HP: 73/73 MP: 13/21
  9755 | Swamp:1  | Entered Level 1 of the Swamp
  9809 | Swamp:1  | Received a gift from Okawaru
  9841 | Swamp:1  | Slain by an eight-headed hydra

Levels and vault maps discovered:
D:1:      tarquinn_simple_flora_water_d, layout_basic, minmay_hexomino_f4
D:2:      layout_basic, serial_corexii_hall, chequers_hall_statues_y,
          corexii_hall_statues_x, chequers_hall_statues_y
D:3:      minmay_angry_zag, layout_basic, uniq_jessica, uniq_grinder
D:4:      layout_cave_pools, first_ration
D:5:      layout_basic, temple_hall
D:6:      layout_rooms, kennysheep_mini, portal_sewer_entry_d, uniq_eustachio
D:7:      layout_loops_ring
D:8:      layout_layer_cave
D:9:      layout_roguey, elyvilon_altar_5, grunt_temple_overflow_cloverleaf,
          dpeg_lair_monsters, serial_corexii_hall, corexii_hall_statues_u,
          corexii_hall_statues_s, serial_shops, nicolae_shop_stone, shop,
          nicolae_shop_behind_doors, kennysheep_mini_moat,
          hangedman_tell_no_tales
D:10:     layout_cave_pods, orc_0_dummy, uniq_urug
D:11:     minmay_the_grid_triangle_9x9_rhombus_full_mashed
          [minmay_the_grid_triangle_9x9_corrupted_corridor,
          minmay_the_grid_triangle_9x9_odd_lines,
          minmay_the_grid_triangle_9x9_warning,
          minmay_the_grid_triangle_9x9_flanged_cone,
          minmay_the_grid_triangle_9x9_swiss_cheese,
          minmay_the_grid_triangle_9x9_alien,
          minmay_the_grid_triangle_9x9_sparse_checkered,
          minmay_the_grid_triangle_9x9_prize_center], layout_small_grid
D:12:     layout_roguey, hangedman_pestilent_swarm, st_stairs_7, uniq_snorg,
          uniq_josephine
D:13:     layout_basic
Temple:   minmay_temple_bridge_d
Lair:1:   layout_regular_city, minmay_hedge_maze
Lair:2:   layout_chaotic_city, serial_bayou_crossing
Lair:3:   layout_loops_ring, guppyfry_snake_entry_island
Lair:4:   layout_regular_city, minmay_swamp_entry_eels, minmay_holes,
          dpeg_oklob_1, uniq_nessos
Lair:5:   layout_regular_city
Lair:6:   grunt_lair_end_beastmaster, layout_regular_city, slime_altar_1,
          disabler_island, lemuel_fruit_fields
Swamp:1:  layout_falls_marsh, evilmike_swamp_ruin_house_5, swamp_pool3,
          infiniplex_staircase_pool_2

Skill      XL: |  1  2  3  4  5  6  7  8  9 10 11 12 13 14 |
---------------+-------------------------------------------+-----
Transmutations | 3 4 6 8 |  8.9
Poison Magic   | 1 2 |  2.0
Fighting       | 1 2 4 5 6 8 |  8.0
Unarmed Combat | 4 5 6 7 9 10 11 12 13 | 13.4
Dodging        | 3 5 6 8 |  8.5
Invocations    | 2 4 5 7 |  7.1
Ice Magic      | 3 4 5 |  5.0
Spellcasting   | 4 |  4.8
Evocations     | 1 2 3 5 6 |  6.0
Shields        | 2 4 |  4.7

Action                   |  1- 3 |  4- 6 |  7- 9 | 10-12 | 13-15 || total
-------------------------+-------+-------+-------+-------+-------++-------
Melee: Unarmed           |    58 |   132 |   355 |   630 |   278 ||  1453
       Bite              |    11 |     2 |    23 |    25 |     6 ||    67
       Headbutt          |     3 |     3 |     8 |    18 |       ||    32
       Kick              |     3 |       |       |       |       ||     3
       Punch             |       |       |     4 |     3 |       ||     7
Throw: Dart              |       |       |     7 |    13 |     1 ||    21
       Javelin           |       |       |       |     4 |     3 ||     7
       Throwing net      |       |       |       |     1 |       ||     1
 Cast: Beastly Appendage |    12 |     6 |    10 |     9 |       ||    37
       Spider Form       |     5 |    22 |    42 |    43 |     6 ||   118
       Ice Form          |       |       |       |    17 |    22 ||    39
Invok: Heroism           |       |       |     4 |     8 |     5 ||    17
 Abil: End Transformatio |       |       |       |     1 |     4 ||     5
       Evoke Invisibilit |       |       |       |       |     1 ||     1
Evoke: Wand              |       |       |       |     1 |    13 ||    14
  Use: Scroll            |     4 |     3 |     4 |    11 |     6 ||    28
       Potion            |     2 |       |       |     1 |     3 ||     6
 Stab: Sleeping          |     2 |     1 |       |       |       ||     3
       Distracted        |       |       |     1 |     1 |     1 ||     3
       Invisible         |       |       |       |       |     4 ||     4
       Paralysed         |       |       |       |       |     4 ||     4
  Eat: Chunk             |       |     8 |    12 |    20 |    12 ||    52
       Ration            |       |       |     1 |     1 |       ||     2
Armor: Robe              |     3 |     3 |       |       |       ||     6
       Skin              |       |     3 |     3 |    27 |    27 ||    60
       Leather armour    |       |       |    22 |    17 |     1 ||    40
Dodge: Dodged            |    34 |    85 |   211 |   539 |   215 ||  1084
Block: Other             |       |       |    29 |       |       ||    29
       Buckler           |       |       |       |     4 |     5 ||     9

Table legend:
 A = Non-vault XP
 B = Vault XP
 C = Vault XP percentage of total XP
 D = Non-vault monster count
 E = Vault monster count
 F = Vault count percentage of total count
                 A         B        C        D         E       F
            +---------+---------+-------+---------+---------+-------
      Total |   44950 |   15233 |  25.3 |     345 |      67 |  16.3
            +---------+---------+-------+---------+---------+-------
        D:1 |      34 |       4 |  10.5 |      18 |       1 |   5.3
        D:2 |      96 |       0 |   0.0 |      15 |       0 |   0.0
        D:3 |     104 |      37 |  26.2 |      20 |       1 |   4.8
        D:4 |     160 |       0 |   0.0 |       8 |       0 |   0.0
        D:5 |     349 |       0 |   0.0 |      14 |       0 |   0.0
        D:6 |     335 |     215 |  39.1 |       9 |       2 |  18.2
        D:7 |     356 |       0 |   0.0 |       9 |       0 |   0.0
        D:8 |     803 |       0 |   0.0 |      12 |       0 |   0.0
        D:9 |    2166 |    1367 |  38.7 |      41 |       8 |  16.3
       D:10 |    2545 |     843 |  24.9 |      37 |       1 |   2.6
       D:11 |    2862 |       0 |   0.0 |      25 |       0 |   0.0
       D:12 |    1940 |      39 |   2.0 |      14 |       1 |   6.7
       D:13 |     578 |       0 |   0.0 |       3 |       0 |   0.0
     Lair:1 |    3696 |       0 |   0.0 |      21 |       0 |   0.0
     Lair:2 |    4067 |       0 |   0.0 |      19 |       0 |   0.0
     Lair:3 |    9685 |     275 |   2.8 |      38 |       2 |   5.0
     Lair:4 |    2415 |    1495 |  38.2 |       5 |       4 |  44.4
     Lair:5 |    3053 |       0 |   0.0 |      15 |       0 |   0.0
     Lair:6 |    7816 |   10634 |  57.6 |      19 |      19 |  50.0
    Swamp:1 |    1890 |       0 |   0.0 |       3 |       0 |   0.0
      Sewer |       0 |     324 | 100.0 |       0 |      28 | 100.0
            +---------+---------+-------+---------+---------+-------
